 Dungeon Crawl Stone Soup version 0.29.1-1-gd02db6906a (webtiles) character file.

Game seed: 4810341619596458401

224970 croobank the Spry (level 18, -13/135 HPs)
             Began as a Felid Summoner on Oct 18, 2022.
             Mangled by a ghoul (14 damage)
             ... on level 2 of the Crypt on Oct 19, 2022.
             The game lasted 07:39:22 (72198 turns).

croobank the Spry (Felid Summoner)                 Turns: 72198, Time: 07:39:22

Health: -13/135    AC: 29    Str: 16    XL:     18   Next: 17%
Magic:  3/36       EV:  4    Int: 25    God:
Gold:   2470       SH:  0    Dex: 21    Spells: 1/43 levels left
                                        Lives:  0   Deaths: 4

rFire   . . .      SeeInvis +     - Unarmed
rCold   + . .      Faith    .   (shield unavailable)
rNeg    . . .      Spirit   .   (body armour unavailable)
rPois   +          Reflect  .   (helmet unavailable)
rElec   +          Harm     .   (cloak unavailable)
rCorr   +          Rampage  .   (gloves unavailable)
Will    ++...      NoTele   +   (boots unavailable)
Stlth   +++.......              w - amulet of regeneration
HPRegen 1.12/turn               N - ring of Wauczeam {rElec rC+ Will+ Str+6}
MPRegen 0.25/turn               B - ring "Jiliustrur" {rCorr Str+6 Dex+5 SInv}

@: tree-form, weak-willed, very slow
A: stationary, stasis, torment immunity, boosted hp, very small, (claws 1),
(fangs 3), see invisible, (speed 1), (shaggy fur 3), (stealthy paws), no weapons
or thrown items, no armour, multi-lived, (cold resistance 1), strong-willed 1
}: 2/15 runes: barnacled, gossamer
a: no special abilities


You were on level 2 of the Crypt.
You were a tree.
You visited 10 branches of the dungeon, and saw 40 of its levels.
You also visited: Trove, Ossuary and Bailey.

You collected 17078 gold pieces.
You spent 3275 gold pieces at shops.
You paid 11333 gold pieces to Gozag.

Inventory:

Jewellery
 d - a +6 ring of intelligence
 h - a ring of fire
 j - the amulet "Arphon" {Faith Contam rC+ Int+5}
   (You found it in an ossuary)

   [amulet of faith]

   It allows you to gain divine favour quickly.
   Int:       It affects your intelligence (+5).
   rC:        It protects you from cold.
   Contam:    It causes magical contamination when unequipped.
 k - a ring of ice
 q - a ring of wizardry
 u - a +6 ring of intelligence
 v - a +4 ring of evasion
 w - an amulet of regeneration (around neck)
 x - a ring of positive energy
 z - an amulet of magic regeneration
 A - a ring of willpower
 B - the ring "Jiliustrur" (right branch) {rCorr Str+6 Dex+5 SInv}
   (You found it on level 3 of the Shoals)

   [ring of strength]

   Str:       It affects your strength (+6).
   Dex:       It affects your dexterity (+5).
   SInv:      It lets you see invisible.
   rCorr:     It protects you from acid and corrosion.
 H - a ring of protection from cold
 L - a ring of positive energy
 N - the ring of Wauczeam (left branch) {rElec rC+ Will+ Str+6}
   (You took it off a skeletal warrior on level 1 of the Crypt)

   [ring of strength]

   Str:       It affects your strength (+6).
   rC:        It protects you from cold.
   rElec:     It insulates you from electricity.
   Will:      It increases your willpower.
 S - a ring of flight
 U - a ring of wizardry
 W - a ring of protection from fire
 Y - an amulet of the acrobat
 Z - a +4 ring of protection
Wands
 s - a wand of paralysis (22)
 y - a wand of mindburst (15)
 C - a wand of quicksilver (24)
 J - a wand of flame (9)
 P - a wand of polymorph (13)
 T - a wand of digging (11)
 X - a wand of iceblast (6)
Scrolls
 a - 3 scrolls of amnesia
 e - 11 scrolls of butterflies
 r - 22 scrolls of identify
 t - 8 scrolls of fear
 D - 11 scrolls of magic mapping
 E - 5 scrolls of vulnerability
 F - a scroll of teleportation
 I - 3 scrolls of silence
 O - a scroll of blinking
 Q - 2 scrolls of noise
 R - 6 scrolls of poison
Potions
 b - 4 potions of brilliance
 c - 5 potions of cancellation
 f - 9 potions of curing
 g - 2 potions of flight
 i - 3 potions of resistance
 l - 5 potions of haste
 m - 4 potions of might
 n - 11 potions of attraction
 p - 7 potions of mutation
 M - 5 potions of lignification
Miscellaneous
 o - a phial of floods (inert)
 G - a box of beasts
 V - a lightning rod (4/4)


   Skills:
 + Level 16.1 Fighting
 + Level 20.4 Dodging
 - Level 3.3 Stealth
 + Level 12.7 Unarmed Combat
 - Level 13.0 Spellcasting
 - Level 7.0 Hexes
 - Level 16.0 Summonings
 - Level 12.0 Necromancy
 - Level 9.2 Translocations
 - Level 16.0 Transmutations
 - Level 5.0 Ice Magic
 - Level 7.0 Air Magic
 - Level 6.4 Earth Magic


You had one spell level left.
You knew the following spells:

 Your Spells              Type           Power      Damage    Failure   Level
a - Monstrous Menagerie   Summ           38%        N/A       4%          7
b - Haunt                 Necr/Summ      36%        N/A       10%         7
c - Dispel Undead         Necr           66%        3d23      1%          4
d - Summon Guardian Gole  Hex/Summ       65%        N/A       1%          3
e - Summon Lightning Spi  Summ/Air       65%        N/A       1%          4
f - Summon Mana Viper     Hex/Summ       65%        N/A       1%          5
g - Manifold Assault      Tloc           58%        N/A       2%          5
h - Slow                  Hex            100%       N/A       1%          1
i - Statue Form           Tmut/Erth      42%        N/A       5%          6

Your spell library contained the following spells:

 Spells                   Type           Power      Damage    Failure   Level
 Summon Small Mammal      Summ           100%       N/A       0%          1
 Apportation              Tloc           100%       N/A       1%          1
 Freeze                   Ice            100%       1d11      1%          1
 Necrotise                Necr           100%       1d9       1%          1
 Sandblast                Erth           96%        2d20      1%          1
 Shock                    Conj/Air       100%       1d9       1%          1
 Sting                    Tmut/Pois      100%       1d8       1%          1
 Foxfire                  Conj/Fire      64%        2x1d7     3%          1
 Call Imp                 Summ           77%        N/A       0%          2
 Wereblood                Tmut           77%        N/A       0%          2
 Call Canine Familiar     Summ           77%        N/A       0%          3
 Blink                    Tloc           100%       N/A       1%          2
 Ensorcelled Hibernation  Hex/Ice        92%        N/A       1%          2
 Poisonous Vapours        Pois/Air       66%        N/A       1%          2
 Static Discharge         Conj/Air       33%        3-8/arc   1%          2
 Sublimation of Blood     Necr           66%        N/A       1%          2
 Confusing Touch          Hex            50%        N/A       1%          3
 Frozen Ramparts          Ice            82%        1d13      1%          3
 Gell's Gravitas          Tloc           58%        N/A       1%          3
 Ignite Poison            Fire/Tmut/Pois 42%        N/A       1%          3
 Lesser Beckoning         Tloc           58%        N/A       1%          3
 Ozocubu's Armour         Ice            41%        N/A       1%          3
 Spider Form              Tmut/Pois      54%        N/A       1%          3
 Teleport Other           Tloc           58%        N/A       1%          3
 Tukima's Dance           Hex            50%        N/A       1%          3
 Vampiric Draining        Necr           66%        2d10      1%          3
 Anguish                  Hex/Necr       29%        N/A       1%          4
 Animate Dead             Necr           66%        N/A       1%          4
 Cause Fear               Hex            25%        N/A       1%          4
 Ice Form                 Ice/Tmut       62%        N/A       1%          4
 Petrify                  Tmut/Erth      64%        N/A       1%          4
 Summon Ice Beast         Ice/Summ       62%        N/A       1%          4
 Blade Hands              Tmut           38%        N/A       1%          5
 Summon Forest            Summ/Tloc      34%        N/A       1%          5
 Summon Cactus Giant      Summ           38%        N/A       1%          6
 Inner Flame              Hex/Fire       33%        N/A       2%          3
 Leda's Liquefaction      Hex/Erth       24%        N/A       2%          4
 Borgnjor's Vile Clutch   Necr/Erth      29%        N/A       2%          5
 Stone Arrow              Conj/Erth      64%        3d11      3%          3
 Alistair's Intoxication  Tmut/Pois      36%        N/A       3%          5
 Irradiate                Conj/Tmut      27%        3d20      3%          5
 Mephitic Cloud           Conj/Pois/Air  27%        N/A       4%          3
 Death Channel            Necr           33%        N/A       4%          6
 Dragon Form              Tmut           38%        N/A       4%          7
 Summon Hydra             Summ           38%        N/A       4%          7
 Iskenderun's Mystic Bla  Conj/Tloc      39%        2d9       5%          4
 Silence                  Hex/Air        25%        N/A       5%          5
 Lee's Rapid Deconstruct  Erth           24%        3d14*     7%          5
 Metabolic Englaciation   Hex/Ice        23%        N/A       9%          5
 Conjure Flame            Conj/Fire      16%        6-21      11%         3
 Hailstorm                Conj/Ice       28%        3d8       13%         4
 Dispersal                Tloc           29%        N/A       13%         6
 Simulacrum               Ice/Necr       28%        N/A       17%         6
 Malign Gateway           Summ/Tloc      34%        N/A       17%         7
 Eringya's Noxious Bog    Tmut/Pois      27%        N/A       21%         6
 Olgreb's Toxic Radiance  Pois           16%        N/A       34%         4
 Sticky Flame             Conj/Fire      16%        2d4       34%         4
 Necromutation            Tmut/Necr      36%        N/A       58%         8
 Fireball                 Conj/Fire      8%         3d6       69%         5
 Iskenderun's Battlesphe  Conj           16%        2d7       69%         5
 Spellforged Servitor     Conj/Summ      27%        N/A       75%         7
 Conjure Ball Lightning   Conj/Air       16%        3x3d6     78%         6
 Iron Shot                Conj/Erth      16%        9d4       83%         6
 Enfeeble                 Hex            25%        N/A       86%         7
 Borgnjor's Revivificati  Necr           33%        N/A       86%         8
 Ozocubu's Refrigeration  Ice            20%        4d12      98%         7
 Starburst                Conj/Fire      8%         6d4       99%         6
 Disjunction              Tloc           29%        N/A       99%         8
 Dragon's Call            Summ           38%        N/A       99%         9
 Orb of Destruction       Conj           8%         9d6       100%        7
 Discord                  Hex            25%        N/A       100%        8
 Ignition                 Fire           8%         3d5       100%        8
 Lehudib's Crystal Spear  Conj/Erth      16%        10d5      100%        8
 Death's Door             Necr           33%        N/A       100%        9
 Portal Projectile        Hex/Tloc       Unusable   N/A       N/A         3
 Animate Armour           Summ/Erth      Unusable   N/A       N/A         4

Dungeon Overview and Level Annotations

Branches:
Dungeon (15/15)            Temple (1/1) D:4            Lair (5/5) D:11
 Shoals (4/4) Lair:3       Spider (4/4) Lair:3        Slime (0/5) Lair:5
    Orc (2/2) D:10            Elf (2/3) Orc:2        Vaults (4/5) D:14
  Crypt (2/3) Vaults:2     Depths (1/4) D:15        Ossuary (visited)
 Bailey (visited)

Altars:
Ashenzari
Cheibriados
Dithmenos
Elyvilon
Fedhas
Gozag
Hepliaklqana
Kikubaaqudgha
Makhleb
Nemelex Xobeh
Okawaru
Qazlal
Ru
Sif Muna
Uskayaw
Vehumet
Wu Jian
Yredelemnul
Zin
The Shining One
Jiyva

Shops:
D:11 **[*   D:14 ?   Orc:2 [:=*   Elf:1 *   Shoals:3 ?   Spider:2 :
Vaults:1 [   Vaults:4 *

Annotations:
D:10 3 runed translucent doors, Zeld's ghost, journeyman MiBe
Lair:4 3 runed translucent doors, HunfridMar's ghost, journeyman DECj


Innate Abilities, Weirdness & Mutations

You are a tree.
Your roots penetrate the ground, keeping you stationary.
You cannot be teleported.
You are immune to unholy pain and torment.
Your maximum health is greatly increased.
((You have sharp claws.))
((You have razor-sharp teeth.))
You have supernaturally acute eyesight. (SInv)
((You cover ground quickly. (Speed+)))
((Your thick and shaggy fur keeps you warm. (AC +3, rC+)))
((Your paws help you pounce on unaware monsters.))
You are incapable of wielding weapons or throwing items.
You cannot wear armour.
You gain extra lives every three experience levels.
((Your flesh is cold resistant. (rC+)))
You are strong-willed. (Will+)


Message History

The ghoul claws you. The ghoul claws you but does no damage.
The phantasmal warrior hits you!
* * * LOW HITPOINT WARNING * * *
The ghoul claws you but does no damage. The ghoul claws you.
* * * LOW HITPOINT WARNING * * *
The ghoul claws you.
* * * LOW HITPOINT WARNING * * *
The ghoul barely misses you. The freezing wraith hits you.
* * * LOW HITPOINT WARNING * * *
The freezing wraith freezes you. You resist.
* * * LOW HITPOINT WARNING * * *
The freezing wraith hits you but does no damage.
The phantasmal warrior hits you!
* * * LOW HITPOINT WARNING * * *
The ghoul claws you but does no damage. The ghoul claws you.
* * * LOW HITPOINT WARNING * * *
Okay, then.
Casting: Slow (safe; 1% risk of failure)
Confirm with . or Enter, or press ? or * to list all spells.
Okay, then.
Okay, then.
Casting: Slow (safe; 1% risk of failure)
Confirm with . or Enter, or press ? or * to list all spells.
Okay, then.
Okay, then.
Aim the phial where?
Press: ? - help, Shift-Dir - straight line, f - freezing wraith, p - ghoul
Aim: a freezing wraith The torrent of water hits the freezing wraith.
The freezing wraith is lightly damaged.
The freezing wraith is knocked back by the torrent of water.
The wave splashes down.
Splash!
You fall into the shallow water.
Moving in this stuff is going to be slow.
You hear a shout! x2
The ghoul claws you.
* * * LOW HITPOINT WARNING * * *
The ghoul splashes around in the water.
The ghoul claws you!
You die...

### ######.#
#[..##.# ##
#....#.###### .#
#....#.##...###
.####.^.#......†.##
....[......#...n♣n#
#########......nWW~#
#..#...~Z~..#
.....####......#
.##.## ###..⌠..# ..#
......# ...+ ......#
.# ⌠.<.⌠.+


You could see 3 ghouls, a phantasmal warrior (fast, incited), a freezing wraith
and a killer bee zombie.

Vanquished Creatures
  Saint Roka (Vaults:1)
  2 bone dragons (Crypt:1)
  A shard shrike skeleton (Crypt:1)
  Rupert (D:14)
  The ghost of Lianjan the Warrior, an adept MiGl of Gozag (Shoals:3)
  A kraken (Shoals:4)
  A revenant (Crypt:1)
  A frost giant (Depths:1)
  An emperor scorpion (Spider:4)
  3 curse skulls (Crypt:1)
  3 ghost moths (Spider:4)
  6 vault wardens
  A ghoul (Crypt:2)
  5 ironbound preservers
  2 stone giants
  5 ironbound thunderhulks
  A broodmother (Spider:3)
  A very ugly thing (Vaults:1)
  2 caustic shrike skeletons (Crypt:1)
  2 vampire knights
  A deep elf annihilator (Elf:1)
  A dire elephant (D:15)
  An acid blob zombie (Crypt:1)
  A quicksilver dragon zombie (Crypt:1)
  A merfolk javelineer (Shoals:4)
  A pearl dragon skeleton (Crypt:1)
  5 jiangshi (Crypt:2)
  3 yaktaur captains
  A hydra (D:14)
  3 vault guards
  3 death knights
  2 ironbound frosthearts
  A jorogumo (Spider:4)
  A merfolk avatar (Shoals:1)
  A fenstrider witch skeleton (Crypt:1)
  A centaur warrior (Vaults:2)
  A dancing weapon (Elf:1)
  A tengu warrior (D:14)
  A deep troll earth mage (Vaults:4)
  4 vampire magi
  4 deep elf knights (Elf:1)
  An iron troll (Depths:1)
  2 storm dragon skeletons (Crypt:1)
  6 nameless horrors
  6 sea snakes
  15 skeletal warriors
  2 pharaoh ants
  A flayed ghost (Crypt:2)
  18 deep trolls
  5 ironbound convokers
  An orb spider (Spider:4)
  An anaconda skeleton (Crypt:1)
  2 lindwurms (Vaults:2)
  3 wizards
  2 necromancers
  A phantasmal warrior (Crypt:2)
  4 harpies
  A fire giant zombie (Vaults:2)
  6 deep elf pyromancers (Elf:1)
  3 deep elf zephyrmancers (Elf:1)
  6 wolf spiders
  8 ugly things
  4 orc sorcerers
  2 manticores
  A shadow dragon skeleton (Vaults:2)
  2 moths of wrath
  2 cyclopes
  An elf zombie (Vaults:2)
  2 merfolk sirens (Shoals:4)
  An apis skeleton (Crypt:1)
  A naga zombie (Crypt:1)
  3 vault sentinels
  15 yaktaurs
  A dire elephant skeleton (Crypt:1)
  A freezing wraith (Crypt:2)
  A steelbarb worm zombie (Crypt:1)
  6 demonic crawlers
  A yaktaur zombie (Vaults:2)
  A troll (Vaults:1)
  An elf skeleton (Vaults:2)
  A minotaur skeleton (Crypt:1)
  A meliai (Spider:3)
  8 slime creatures
  2 wind drakes (Shoals:4)
  A hydra skeleton (Crypt:1)
  8 tarantellas
  2 harpy skeletons (Crypt:1)
  A snapping turtle (Shoals:4)
  A stone giant simulacrum (Crypt:1)
  3 culicivoras
  2 flying skulls (Crypt:1)
  2 water elementals (Shoals:3)
  4 jumping spiders
  A yak (D:10)
  A vampire mosquito (D:14)
  5 redbacks
  An ogre zombie (Vaults:2)
  A warg (Vaults:1)
  A water nymph zombie (Crypt:2)
  A glowing shapeshifter skeleton (Vaults:2)
  5 orc warriors
  2 ogres (D:15)
  A snapping turtle skeleton (Crypt:2)
  A lindwurm zombie (Crypt:1)
  11 electric eels
  3 orc priests
  An iguana (D:7)
  2 orc wizards
  A white imp (D:6)
  7 orcs
  2 endoplasms
  A hobgoblin (D:2)
  2 quokkas
  A goblin zombie (Crypt:1)
  A kobold (D:1)
  2 rats
  2 pillars of salt (Vaults:1)
  A tentacle (Shoals:4)
312 creatures vanquished.

Vanquished Creatures (collateral kills)
  Nikola (Spider:3)
  Arachne (Spider:3)
  Kirke (D:12)
  A fire giant (Vaults:4)
  An emperor scorpion (Spider:2)
  A ghost moth (Spider:2)
  An orc warlord (Orc:2)
  7 vault wardens
  9 ironbound preservers
  2 broodmothers
  8 very ugly things
  3 war gargoyles
  4 ironbound thunderhulks
  A stone giant (Depths:1)
  A spark wasp (Spider:3)
  5 entropy weavers
  A dire elephant (Vaults:1)
  An eidolon (Crypt:1)
  4 merfolk impalers
  5 merfolk javelineers
  The ghost of Barsook the Fighter, a journeyman OgBe of Trog (D:12)
  Snorg (Orc:2)
  A deep elf death mage (Elf:1)
  A fire dragon (Lair:5)
  Josephine (D:12)
  5 yaktaur captains
  A rakshasa (Depths:1)
  4 great orbs of eyes
  An ice dragon (Depths:1)
  A boulder beetle (D:11)
  2 peacekeepers
  A vault guard (Vaults:2)
  Erolcha (D:12)
  A radroach (Lair:3)
  A hydra (shapeshifter) (Vaults:3)
  8 hydras
  A spriggan air mage (Depths:1)
  6 merfolk aquamancers
  4 centaur warriors
  An alligator snapping turtle (Shoals:3)
  14 two-headed ogres
  2 ogre magi (D:15)
  3 ironbound frosthearts
  4 merfolk avatars
  Erica (D:9)
  3 catoblepae
  2 deep troll earth magi
  3 dancing weapons (Elf:1)
  7 death yaks
  A titan zombie (Crypt:1)
  5 orc high priests
  2 tengu warriors
  3 deep elf knights (Elf:1)
  6 pharaoh ants
  Sonja (D:12)
  A fire crab (Lair:5)
  11 skeletal warriors
  11 deep trolls
  An iron troll (Depths:1)
  9 steelbarb worms
  5 sea snakes
  A sun moth (Spider:1)
  8 orb spiders
  2 deep elf archers (Elf:1)
  5 orc knights
  9 ironbound convokers
  13 harpies
  2 phantasmal warriors
  3 wizards
  6 deep elf zephyrmancers (Elf:1)
  2 oklob plants
  8 lindwurms
  11 wolf spiders
  7 ugly things
  5 deep elf pyromancers
  4 necromancers
  A mana viper (shapeshifter) (Vaults:2)
  9 cyclopes
  14 manticores
  4 fauns (Shoals:1)
  4 orc sorcerers
  2 moths of wrath
  4 large abominations (D:12)
  14 vault sentinels
  4 nameless horrors
  3 merfolk sirens
  2 water nymphs
  3 elephants (Lair:4)
  2 molten gargoyles (Lair:5)
  2 black mambas
  A centaur skeleton (D:11)
  12 cane toads
  An alligator snapping turtle zombie (Crypt:1)
  2 kobold demonologists
  3 torpor snails
  18 yaktaurs
  An efreet (D:15)
  5 demonic crawlers
  16 komodo dragons
  An alligator snapping turtle skeleton (Crypt:1)
  2 unseen horrors
  A tengu conjurer (D:13)
  2 rime drakes
  An ice devil (D:11)
  3 freezing wraiths
  A sea snake skeleton (Crypt:1)
  10 trolls
  A polar bear (Lair:3)
  9 snapping turtles
  18 tarantellas
  6 wind drakes
  19 merfolk
  12 blink frogs
  5 meliai
  20 slime creatures
  16 dream sheep
  Sigmund (D:2)
  A spriggan (Bailey)
  14 jumping spiders
  A vampire (D:9)
  A centaur simulacrum (D:11)
  9 culicivoras
  An air elemental (Elf:1)
  10 wyverns
  A shadow (D:12)
  A ynoxinul (D:12)
  8 wraiths
  47 yaks
  A spriggan (shapeshifter) (D:15)
  A fire elemental (Elf:1)
  11 water elementals
  6 basilisks
  35 redbacks
  Grum (D:9)
  4 small abominations (D:12)
  A steam dragon (Lair:5)
  4 wargs
  2 acid dragons
  4 hell hounds (Lair:5)
  A floating eye (Depths:1)
  14 water moccasins
  A meliai simulacrum (D:12)
  37 orc warriors
  2 sky beasts
  An ice beast (D:6)
  8 ogres
  12 wolves
  7 centaurs
  A phantom (D:5)
  3 kobold brigands
  2 elf zombies (Elf:1)
  7 bullfrogs
  A glowing shapeshifter simulacrum (Vaults:2)
  An earth elemental (Elf:1)
  A gnoll sergeant (D:8)
  2 necrophages
  9 scorpions
  8 wights
  4 killer bees
  An electric eel (D:9)
  5 centaur zombies
  6 hounds
  5 lava snakes (Lair:5)
  3 human zombies (Ossuary)
  5 jellies
  33 orc priests
  Terence (D:2)
  4 iguanas
  A scorpion zombie (Ossuary)
  26 orc wizards
  3 mummies (Ossuary)
  9 gnolls
  6 adders
  2 shadow imps
  4 white imps
  A worm (D:3)
  2 dart slugs
  142 orcs
  5 ball pythons
  9 bats
  7 endoplasms
  2 giant cockroaches
  2 gnoll zombies (Ossuary)
  7 goblins
  7 hobgoblins
  A quokka (D:4)
  3 frilled lizards
  A goblin zombie (Ossuary)
  4 hobgoblin zombies (Ossuary)
  22 kobolds
  3 kobold zombies (Ossuary)
  2 orc zombies (Ossuary)
  4 rats
  2 tentacles (Shoals:4)
1163 creatures vanquished.

Vanquished Creatures (others)
  A tengu reaver (Vaults:3)
  4 vault wardens
  2 ironbound preservers (Vaults:3)
  3 stone giants (Depths:1)
  3 ironbound thunderhulks (Vaults:3)
  A vampire knight (Depths:1)
  A very ugly thing (Vaults:3)
  An ettin (Depths:1)
  4 merfolk impalers (Shoals:4)
  2 merfolk javelineers (Shoals:4)
  An ice dragon (Depths:1)
  A vault guard (Vaults:3)
  2 hydras (Lair:5)
  A merfolk aquamancer (Shoals:4)
  A two-headed ogre (Bailey)
  An ironbound frostheart (Vaults:3)
  3 merfolk avatars (Shoals:4)
  4 death yaks
  A deep troll shaman (Depths:1)
  2 tengu warriors (Depths:1)
  2 hell knights (Depths:1)
  A pharaoh ant (Spider:2)
  3 skeletal warriors (D:14)
  A sea snake (Shoals:4)
  A steelbarb worm (Spider:3)
  A glowing orange brain (Depths:1)
  A flayed ghost (Depths:1)
  4 deep trolls (Vaults:3)
  A wolf spider (Spider:2)
  A manticore (D:15)
  An orc sorcerer (Orc:2)
  A moth of wrath (Spider:3)
  Joseph (D:10)
  A black mamba (Lair:5)
  5 vault sentinels (Vaults:3)
  3 elephants (Lair:4)
  2 merfolk sirens (Shoals:4)
  2 water nymphs (Shoals:4)
  2 cane toads
  A gargoyle (D:12)
  5 yaktaurs (Vaults:3)
  An ice devil (D:11)
  A troll (Orc:2)
  A tengu conjurer (D:13)
  5 merfolk
  A tarantella (Spider:1)
  A human skeleton (Vaults:2)
  2 water elementals (Shoals:4)
  7 yaks
  2 humans (D:12)
  A large abomination (D:12)
  A redback (Spider:1)
  2 wargs
  7 orc warriors
  A wolf (D:9)
  4 ogres
  A kobold brigand (D:11)
  A gnoll sergeant (D:11)
  3 small abominations (D:12)
  9 wights
  3 killer bees (D:7)
  2 orc priests
  Crazy Yiuf (D:2)
  3 orc wizards
  2 orcs (Orc:2)
  A kobold (D:11)
  A bush (Lair:5)
  33 fungi
  4 pillars of salt (Vaults:1)
  94 plants
  11 tentacles (Shoals:4)
285 creatures vanquished.

Grand Total: 1760 creatures vanquished

Notes
Turn   | Place    | Note
-------+----------+-------------------------------------------
     0 | D:1      | croobank the Felid Summoner began the quest for the Orb.
     0 | D:1      | Reached XP level 1. HP: 7/7 MP: 4/4
   319 | D:1      | Reached skill level 3 in Dodging
   319 | D:1      | Reached XP level 2. HP: 11/11 MP: 3/6
   541 | D:1      | Learned a level 2 spell: Call Imp
  1282 | D:1      | Found a faded altar of an unknown god.
  1578 | D:2      | Reached XP level 3. HP: 14/14 MP: 7/7
  1582 | D:2      | Learned a level 3 spell: Call Canine Familiar
  1626 | D:2      | Found a runed translucent door.
  1627 | D:2      | Noticed Crazy Yiuf
  1817 | D:2      | Noticed Terence
  2017 | D:2      | Found a broken altar of Ashenzari.
  2142 | D:2      | Noticed Sigmund
  2155 | D:2      | Killed Sigmund
  2156 | D:2      | Reached skill level 4 in Dodging
  2156 | D:2      | Reached XP level 4. HP: 10/19 MP: 1/9
  2156 | D:2      | Reached XP level 5. HP: 12/22 MP: 1/10
  2856 | D:3      | Reached skill level 5 in Summonings
  2856 | D:3      | Gained mutation: You are covered in thick fur. (AC +2)
                  | [Felid growth]
  2856 | D:3      | Reached XP level 6. HP: 21/26 MP: 5/12
  3417 | D:3      | Learned a level 3 spell: Summon Guardian Golem
  3856 | D:4      | Reached skill level 5 in Dodging
  3856 | D:4      | Reached skill level 1 in Hexes
  4244 | D:4      | Reached XP level 7. HP: 27/31 MP: 4/13
  4470 | D:4      | Found a staircase to the Ecumenical Temple.
  4484 | Temple   | Entered the Ecumenical Temple
  4493 | Temple   | Became a worshipper of Gozag Ym Sagoz the Greedy
  4851 | D:2      | Killed Terence
  4995 | D:2      | Killed Crazy Yiuf
  5167 | D:5      | Entered Level 5 of the Dungeon
  5347 | D:5      | Reached skill level 6 in Dodging
  5384 | D:5      | Learned a level 4 spell: Summon Ice Beast
  5404 | D:5      | Found a sand-covered staircase.
  5419 | Ossuary  | Entered an ossuary
  5548 | Ossuary  | Reached XP level 8. HP: 36/36 MP: 15/15
  5644 | Ossuary  | Identified the amulet "Arphon" {Faith Contam rC+ Int+5}
  5969 | Ossuary  | Reached skill level 5 in Hexes
  5982 | Ossuary  | Reached skill level 7 in Dodging
  5982 | Ossuary  | Reached skill level 5 in Spellcasting
  6782 | D:6      | Reached skill level 5 in Fighting
  7201 | D:6      | Learned a level 4 spell: Summon Lightning Spire
  7289 | D:6      | Reached XP level 9. HP: 40/40 MP: 7/18
  7473 | D:7      | Reached skill level 8 in Dodging
  7491 | D:7      | Reached skill level 1 in Ice Magic
  7491 | D:7      | Reached skill level 1 in Air Magic
  7616 | D:7      | Identified the +10 rapier "Sacu" {venom, *Corrode Will++
                  | Int+2 Dex+8}
  8225 | D:7      | Found a flagged portal.
  8253 | Bailey   | Entered a bailey
  8277 | Bailey   | Noticed a two-headed ogre
  8295 | Bailey   | Killed a two-headed ogre
  8748 | D:8      | Reached XP level 10. HP: 45/46 MP: 15/20
  8754 | D:8      | Reached skill level 9 in Dodging
  9883 | D:9      | Noticed Erica
  9893 | D:9      | Killed Erica
  9975 | D:9      | Noticed Grum
  9981 | D:9      | Killed Grum
 11030 | D:9      | HP: 1/47 [electric eel/bolt of electricity (10)]
 11031 | D:9      | Killed from afar by an electric eel
 11032 | D:9      | Reached XP level 9. HP: -9/43 MP: 14/20
 11184 | D:10     | Entered Level 10 of the Dungeon
 11270 | D:10     | Noticed Joseph
 11277 | D:10     | Reached skill level 10 in Dodging
 11305 | D:10     | Reached XP level 10. HP: 46/47 MP: 3/21
 11606 | D:10     | Killed Joseph
 11752 | D:10     | Found a runed translucent gate.
 11752 | D:10     | Found a runed translucent gate.
 11752 | D:10     | Found an opulent altar of Gozag.
 11752 | D:10     | Found a runed translucent gate.
 11753 | D:10     | Noticed Zeld's ghost (journeyman MiBe)
 11770 | D:10     | Noticed a deep elf pyromancer
 11994 | D:10     | Noticed a two-headed ogre
 12001 | D:10     | Killed a two-headed ogre
 12465 | D:10     | Found a staircase to the Orcish Mines.
 12717 | D:10     | Noticed a two-headed ogre
 12723 | D:10     | Killed a two-headed ogre
 12724 | D:10     | Reached skill level 5 in Ice Magic
 13160 | D:10     | Found a radiant altar of Vehumet.
 13161 | D:10     | Found a sacrificial altar of Ru.
 13162 | D:10     | Found a blossoming altar of Fedhas.
 13163 | D:10     | Found a glowing silver altar of Zin.
 13165 | D:10     | Found a hide-covered altar of Uskayaw.
 13166 | D:10     | Found a hazy altar of Hepliaklqana.
 13264 | D:11     | Reached skill level 5 in Air Magic
 13270 | D:11     | Reached XP level 11. HP: 51/51 MP: 20/23
 13308 | D:11     | Found Finuged's Assorted Antiques.
 13328 | D:11     | Bought a scroll of blinking for 225 gold pieces
 13395 | D:11     | Noticed a two-headed ogre
 13404 | D:11     | Killed a two-headed ogre
 13431 | D:11     | Reached skill level 11 in Dodging
 13569 | D:11     | Noticed a two-headed ogre
 13582 | D:11     | Killed a two-headed ogre
 13626 | D:11     | Noticed a six-headed hydra
 13645 | D:11     | Killed a six-headed hydra
 13837 | D:11     | Noticed an oklob plant
 13842 | D:11     | Found Singuron's Antique Armour Shoppe.
 13870 | D:11     | Found a staircase to the Lair.
 13892 | D:11     | Killed an oklob plant
 13917 | D:11     | Found Noestrudu's General Store.
 13925 | D:11     | Bought a potion of mutation for 112 gold pieces
 13973 | D:11     | Found a frozen archway.
 14624 | D:11     | Noticed a boulder beetle
 14631 | D:11     | Killed a boulder beetle
 15088 | D:11     | Found Bepucer's General Store.
 15093 | D:11     | Bought a book of Debilitation for 280 gold pieces
 15142 | D:12     | Noticed Josephine
 15145 | D:12     | Reached skill level 10 in Summonings
 15172 | Lair:1   | Entered Level 1 of the Lair of Beasts
 15228 | Lair:1   | Reached skill level 12 in Dodging
 15305 | Lair:1   | Learned a level 3 spell: Ozocubu's Armour
 15446 | Lair:1   | Gained mutation: Your thick and shaggy fur keeps you warm.
                  | (AC +3, rC+) [Felid growth]
 15446 | Lair:1   | Reached XP level 12. HP: 57/57 MP: 15/25
 16871 | Lair:2   | Reached skill level 13 in Dodging
 17862 | Lair:3   | Reached skill level 10 in Fighting
 18490 | Lair:3   | Found a hole to the Spider Nest.
 18568 | Lair:3   | Reached skill level 10 in Spellcasting
 18581 | Lair:3   | Reached skill level 14 in Dodging
 18581 | Lair:3   | Reached XP level 13. HP: 43/62 MP: 14/28
 18799 | Lair:3   | Found a staircase to the Shoals.
 19940 | Lair:4   | Found a runed translucent gate.
 19940 | Lair:4   | Found a runed translucent gate.
 19941 | Lair:4   | Found a runed translucent gate.
 19952 | Lair:4   | Noticed HunfridMar's ghost (journeyman DECj)
 20100 | Lair:4   | Reached skill level 15 in Dodging
 20887 | Lair:5   | Entered Level 5 of the Lair of Beasts
 21038 | Lair:5   | Reached skill level 1 in Transmutations
 21501 | Lair:5   | Reached skill level 16 in Dodging
 22500 | Lair:5   | Reached XP level 14. HP: 69/69 MP: 17/29
 22951 | Lair:5   | Reached skill level 5 in Transmutations
 23369 | Lair:5   | Found a large runed translucent door.
 23371 | Lair:5   | Found a large runed translucent door.
 23659 | Lair:5   | Found a staircase to the Slime Pits.
 23679 | Lair:5   | Found a viscous altar of Jiyva.
 24052 | Lair:5   | Reached skill level 17 in Dodging
 24064 | Lair:5   | Got the Teachings on Combat Magic and Companions
 25131 | Orc:1    | Entered Level 1 of the Orcish Mines
 26592 | Orc:2    | Entered Level 2 of the Orcish Mines
 27319 | Orc:2    | Noticed Snorg
 27333 | Orc:2    | Killed Snorg
 27967 | Orc:2    | Identified the +7 quarterstaff of the Howling Gods {freeze,
                  | rF+ rCorr Int+4}
 28065 | Orc:2    | Found a staircase to the Elven Halls.
 28631 | Orc:2    | Found Nojaczewny's Antique Armour Emporium.
 28672 | Orc:2    | Noticed an orc warlord
 28710 | Orc:2    | Killed an orc warlord
 29277 | Orc:2    | Found Tukier's Assorted Antiques.
 29420 | Orc:2    | Bought a scroll of teleportation for 69 gold pieces
 29420 | Orc:2    | Bought a murky puce potion for 20 gold pieces
 29420 | Orc:2    | Bought a potion of heal wounds for 115 gold pieces
 29420 | Orc:2    | Bought a scroll of teleportation for 69 gold pieces
 29427 | Orc:2    | Found Dakapratz's Jewellery Shop.
 30089 | Orc:2    | Reached skill level 18 in Dodging
 30253 | Orc:2    | HP: 2/71 [soul eater[an orc high priest] (19)]
 30576 | Orc:2    | Found Isagh's Book Shop.
 30588 | Orc:2    | Bought the Grimoire of the Jaunt and Interference for 616
                  | gold pieces
 30594 | Orc:2    | Learned a level 5 spell: Summon Mana Viper
 32453 | D:12     | Reached XP level 15. HP: 75/75 MP: 20/30
 32519 | D:12     | Noticed Erolcha
 32528 | D:12     | Killed Erolcha
 32619 | D:12     | Noticed Sonja
 32626 | D:12     | Killed Sonja
 32800 | D:12     | Noticed Kirke
 32810 | D:12     | Killed Kirke
 33066 | D:12     | Killed Josephine
 33430 | D:12     | Got Sif Muna's Anthology of Glamour
 33536 | D:12     | Found a runed translucent door.
 33536 | D:12     | Noticed Barsook's ghost (journeyman OgBe)
 34136 | D:13     | Found a radiant altar of Vehumet.
 34889 | Orc:1    | Learned a level 6 spell: Statue Form
 34984 | Lair:3   | Gained mutation: Your flesh is cold resistant. (rC+)
                  | [potion of mutation]
 34986 | Spider:1 | Entered Level 1 of the Spider Nest
 35863 | Spider:1 | Reached skill level 1 in Earth Magic
 36096 | Spider:3 | Noticed Nikola
 37126 | Spider:1 | Reached skill level 19 in Dodging
 37301 | Spider:1 | Reached skill level 10 in Transmutations
 38338 | Spider:2 | Reached XP level 16. HP: 80/80 MP: 15/32
 39127 | Spider:2 | Reached skill level 15 in Fighting
 39988 | Spider:3 | Noticed Arachne
 40105 | Spider:2 | Bought a manual of Unarmed Combat for 960 gold pieces
 40114 | Spider:2 | Learned a level 7 spell: Monstrous Menagerie
 40128 | Spider:3 | Killed Arachne
 40280 | Spider:3 | Killed Nikola
 40281 | Spider:3 | Reached skill level 1 in Unarmed Combat
 41879 | Spider:4 | Entered Level 4 of the Spider Nest
 42223 | Spider:4 | HP: 5/105 [steelbarb worm (2)]
 42565 | Spider:4 | Reached skill level 5 in Earth Magic
 42800 | Spider:4 | Got a gossamer rune of Zot
 43268 | Shoals:1 | Entered Level 1 of the Shoals
 43763 | Shoals:1 | Reached XP level 17. HP: 85/85 MP: 15/34
 44315 | Shoals:1 | Reached skill level 5 in Unarmed Combat
 45628 | Shoals:2 | Identified the +5 rapier of the Mashing Gods {spect, rC+
                  | rN+ Str+2}
 46366 | Shoals:3 | Found Ychiogy's Magic Scroll Shop.
 46990 | Shoals:3 | Found a runed translucent door.
 46997 | Shoals:3 | Noticed Lianjan's ghost (adept MiGl)
 47549 | Shoals:4 | Entered Level 4 of the Shoals
 48408 | Shoals:4 | Got the Treatise on Molten Enchantment
 49052 | Shoals:4 | Noticed a kraken
 49075 | Shoals:4 | Killed a kraken
 49086 | Shoals:4 | Got a barnacled rune of Zot
 49794 | D:14     | Noticed Rupert
 49809 | D:14     | Killed Rupert
 49810 | D:14     | Reached skill level 1 in Translocations
 49937 | D:14     | Identified a scroll of acquirement
 49947 | D:14     | Identified the +6 flail "Seam" {drain, Contam Dex+5}
 50186 | D:14     | Found a sparkling altar of Nemelex Xobeh.
 50557 | D:14     | Found a gate to the Vaults.
 51087 | D:14     | Found Otejau's Magic Scroll Shoppe.
 51094 | D:14     | Bought a scroll of vulnerability for 56 gold pieces
 51167 | D:14     | Reached XP level 18. HP: 89/89 MP: 12/36
 51661 | D:15     | Entered Level 15 of the Dungeon
 51860 | D:15     | Reached skill level 5 in Translocations
 52437 | D:15     | Found a stormy altar of Qazlal.
 52460 | D:15     | Identified the +9 mace "Abimu" {venom, rCorr Int+2 SInv}
 52657 | D:15     | Found a staircase to the Depths.
 53437 | Elf:1    | Entered Level 1 of the Elven Halls
 53626 | Elf:1    | Reached skill level 15 in Transmutations
 53910 | Elf:1    | Reached skill level 10 in Unarmed Combat
 54094 | Elf:1    | Learned a level 6 spell: Dispersal
 54254 | Elf:1    | Paralysed by an air elemental for 1 turns
 54742 | Elf:1    | Got Ereshkigal's Directory of Mortification
 55550 | Depths:1 | Entered Level 1 of the Depths
 56064 | Depths:1 | Paralysed by a floating eye for 3 turns
 56259 | D:12     | Killed Barsook's ghost
 56265 | D:12     | Got Luajoar's Incunabulum of Stones
 56407 | Vaults:1 | Entered Level 1 of the Vaults
 56407 | Vaults:1 | Noticed Saint Roka
 56427 | Vaults:1 | Killed Saint Roka
 56697 | Spider:2 | Bought Sif Muna's Papyrus of Unstable Companions for 552
                  | gold pieces
 56991 | Vaults:1 | Reached skill level 1 in Necromancy
 57412 | Vaults:1 | Slain by an entropy weaver
 57413 | Vaults:1 | Reached XP level 17. HP: 0/110 MP: 2/35
 57527 | Vaults:1 | Reached skill level 5 in Necromancy
 57675 | Vaults:1 | Found Mowo Muwn's Armour Shoppe.
 57718 | Vaults:1 | Reached XP level 18. HP: 89/89 MP: 14/36
 60406 | Vaults:2 | Acquired a book of the Dragon
 60416 | Vaults:2 | Learned a level 7 spell: Haunt
 60578 | Vaults:2 | Identified the +8 arbalest of Ziewi {venom, Str+3 Dex+3}
 61521 | Vaults:2 | Found a staircase to the Crypt.
 61521 | Vaults:2 | Found an ancient bone altar of Kikubaaqudgha.
 61522 | Vaults:2 | Found a basalt altar of Yredelemnul.
 62548 | Vaults:3 | Reached skill level 10 in Necromancy
 63639 | Vaults:4 | Found a portal to a secret trove of treasure.
 64202 | D:14     | Bought a scroll of teleportation for 42 gold pieces
 64202 | D:14     | Bought a scroll of teleportation for 42 gold pieces
 64354 | Elf:1    | Bought a scroll of teleportation for 45 gold pieces
 64573 | Shoals:3 | Bought a scroll of teleportation for 36 gold pieces
 64573 | Shoals:3 | Bought a scroll of teleportation for 36 gold pieces
 64640 | Shoals:3 | Killed Lianjan's ghost
 64641 | Shoals:3 | Reached XP level 19. HP: 50/93 MP: 3/37
 64908 | Shoals:3 | Identified the +1 helmet of Wariness {Int+2 Dex+4 Stlth+}
 64909 | Shoals:3 | Identified the ring "Jiliustrur" {rCorr Str+6 Dex+5 SInv}
 65261 | Vaults:4 | You paid a toll of 17 scrolls of teleportation to enter a
                  | treasure trove
 65262 | Trove    | Entered a treasure trove
 65276 | Trove    | Got the Spellbook of Outbursts
 65279 | Trove    | Got Ejocwib's Volume of Toxins
 65286 | Trove    | Got Sif Muna's Parchment of Sinister Dislocation
 65302 | Trove    | Got Sif Muna's Essays on the Fey Volcanoes
 65325 | Trove    | Got Ypovatox's Codex of the Legion
 65348 | Vaults:4 | Found Kunoc's Assorted Antiques.
 65907 | Vaults:4 | Reached skill level 15 in Summonings
 66949 | Vaults:4 | Killed from afar by a deep troll earth mage
 66950 | Vaults:4 | Reached XP level 18. HP: -27/89 MP: 10/36
 67388 | Vaults:4 | Learned a level 4 spell: Dispel Undead
 67779 | Vaults:2 | Fell from the grace of Gozag
 67781 | Crypt:1  | Entered Level 1 of the Crypt
 69819 | Crypt:1  | Found the +9 sword of Zonguldrok {reap}
 70260 | Crypt:1  | HP: 3/127 [fenstrider witch skeleton (6)]
 70262 | Crypt:1  | Mangled by a fenstrider witch skeleton
 70263 | Crypt:1  | Reached XP level 17. HP: -9/120 MP: 24/35
 70880 | Crypt:1  | Gained mutation: You are strong-willed. (Will+) [mutagenic
                  | glow]
 70959 | Crypt:1  | Learned a level 5 spell: Manifold Assault
 70961 | Crypt:1  | Learned a level 1 spell: Slow
 71143 | Crypt:1  | Reached skill level 20 in Dodging
 71299 | Crypt:1  | Identified the +5 dagger of Havoc {venom, rF+}
 71368 | Crypt:1  | Identified the ring of Wauczeam {rElec rC+ Will+ Str+6}
 71368 | Crypt:1  | Noticed a bone dragon
 71388 | Crypt:1  | Killed a bone dragon
 71499 | Crypt:1  | Noticed a bone dragon
 71508 | Crypt:1  | Killed a bone dragon
 71513 | Crypt:1  | Reached XP level 18. HP: 66/90 MP: 7/36
 72197 | Crypt:2  | HP: 6/135 [ghoul (1)]
 72198 | Crypt:2  | HP: 1/135 [ghoul (6)]
 72198 | Crypt:2  | Mangled by a ghoul

Illustrated notes

Levels and vault maps discovered:
D:1:      elethiomel_arrival_maze, layout_loops_ring,
          shapermc_ecumenical_altar_mp_vishouse
D:2:      layout_loops_ring, basic_altar, uniq_sigmund, uniq_crazy_yiuf_cottage,
          uniq_terence
D:3:      layout_loops_corners, serial_bayou_pond_e
D:4:      layout_rooms, temple_statues, kennysheep_orc_chapel
D:5:      layout_cave_pools, nicolae_ossuary_entry_monument
D:6:      layout_basic
D:7:      layout_rooms, enter_bailey_4
D:8:      layout_gridville
D:9:      layout_basic, roderic_lattice_a, corexii_hall_statues_l,
          chequers_jeans, uniq_grum, uniq_erica
D:10:     layout_cave_pods, minitemple, hiddenorc2_lemuel, ebering_ghost_gozag,
          uniq_joseph
D:11:     layout_irregular_city, dpeg_oklobed_lair,
          portal_ice_cave_demonic_guard, serial_shops, shop_fountains, shop,
          shop_fountains, kennysheep_little_box, st_stairs_11,
          hangedman_weighted_door
D:12:     argonaut_augean_stables, layout_cave_pools, hellmonk_ghost_big_iron,
          laboratory, uniq_josephine, uniq_erolcha, uniq_kirke, uniq_sonja
D:13:     layout_rooms, vehumet_crystals
D:14:     layout_loops_ring, skrybe_vaults_entry_preservation, serial_shops,
          shop_statue, nemelex_xobeh_ov_fountains_minmay, uniq_rupert
D:15:     hangedman_depths_entry_try_elsewhere_first, layout_stronghold,
          grunt_qazlal_clouds, gauntlet_entry_generic
Temple:   nicolae_temple_x_marks_the_god
Lair:1:   layout_concentric_octagons
Lair:2:   layout_cave_pods, grunt_megastairs_2, serial_bayou_shore_a
Lair:3:   layout_gridlike, minmay_shoals_entry_beasts,
          nicolae_spider_entry_orb_guardian
Lair:4:   layout_loops_ring, gammafunk_ghost_necromancy, nicolae_lair_yak_garden
Lair:5:   cheibrodos_lair_end_hotspot, layout_long_grid,
          minmay_slime_entry_pillars, lemuel_fruit_tree
Shoals:1: layout_shoals, st_sunken_temple
Shoals:2: layout_shoals, overgrown_hall
Shoals:3: layout_shoals, ebering_ghost_reflecting_pool, serial_shops,
          nicolae_shop_statue_plus
Shoals:4: shoals_end_hangedman, layout_shoals
Spider:1: layout_spider_delve, hangedman_spider_tarantella_strand
Spider:2: layout_spider_delve
Spider:3: layout_spider_delve, uniq_arachne, uniq_nikola
Spider:4: guppyfry_spider_rune
Orc:1:    layout_caves, enter_volcano_2, minmay_orc_keep
Orc:2:    pubby_orc_utopia, serial_shops, uniq_snorg
Elf:1:    layout_onion_city, minmay_elf_necromancy
Elf:2:    elven_hall_of_blades_hangedman_original [nicolae_blade_little_rooms],
          layout_gridlike, basic_altar, minmay_shoptagon
Vaults:1: portal_desolation_entry_garden, st_spiral_rooms,
          grunt_vaults_diagonal, vaults_mumra_chevron, ontoclasm_vaults_tryst,
          ontoclasm_vaults_ring_square, vaults_mumra_minichess,
          hangedman_vaults_stream, v_pattern_4, nicolae_vaults_hallways_thing,
          hangedman_vaults_nails, vaults_room_semicircle,
          nicolae_vaults_little_squares_4, layout_vaults_maze, serial_shops,
          nicolae_shop_trees, uniq_saint_roka
Vaults:2: v_pattern_5, nicolae_vaults_network_quinsquares
          [nicolae_vaults_network_quincunx_subvault,
          nicolae_vaults_network_quincunx_subvault,
          nicolae_vaults_network_quincunx_subvault,
          nicolae_vaults_network_quincunx_subvault],
          hangedman_vaults_restitches, nicolae_vaults_circle_grid_b,
          grunt_vaults_focal, st_hourglassy, ontoclasm_vaults_twist,
          ontoclasm_vaults_chip, nicolae_vaults_yaktaur_gun_rack,
          hangedman_vaults_cutoff, layout_vaults_big_cross,
          minmay_crypt_entry_necro_gods
Vaults:3: vaults_mumra_chevron_long, grunt_vaults_bifocal,
          ontoclasm_vaults_claustrophobia, v_misc_9,
          ontoclasm_vaults_ring_large, nicolae_vaults_what_the_h,
          nicolae_vaults_ninety_degrees, ontoclasm_vaults_echo,
          nicolae_vaults_alarming, ontoclasm_vaults_chip,
          nicolae_vaults_circle_grid_b, nicolae_vaults_mini_display_case,
          layout_vaults_omnigrid
Vaults:4: v_misc_8, nicolae_vaults_little_squares_2, v_rooms_5,
          nicolae_vaults_circle_grid_a, st_octagons_1, vaults_room_fancy_cross,
          ontoclasm_vaults_ring_small, hangedman_vaults_snaps,
          ontoclasm_vaults_misaligned, v_misc_17, nicolae_vaults_three_branches,
          v_misc_16, layout_vaults_omnibox, serial_shops,
          nicolae_shop_hallway_stairs, enter_trove_1
Crypt:1:  nicolae_crypt_knochenhaus, layout_gridlike
Crypt:2:  layout_misc_corridors, grunt_megastairs_3
Depths:1: layout_gridlike, hell_entry, onia_ninara_cookie

Skill      XL: |  1  2  3  4  5  6  7  8  9 10 11 12 13 14 15 16 17 18 19 |
---------------+----------------------------------------------------------+-----
Stealth        | 3 |  3.3
Dodging        | 3 4 5 6 7 10 9 12 14 16 18 19 20 | 20.4
Fighting       | 2 3 5 6 7 9 10 12 14 15 16 | 16.1
Spellcasting   | 3 4 5 6 7 8 10 11 12 13 | 13.0
Summonings     | 5 6 7 9 10 11 12 16 14 15 | 16.0
Hexes          | 2 4 5 7 |  7.0
Ice Magic      | 2 5 |  5.0
Air Magic      | 2 5 6 7 |  7.0
Transmutations | 4 8 10 11 14 16 | 16.0
Earth Magic    | 3 5 6 |  6.4
Unarmed Combat | 4 8 12 | 12.7
Translocations | 4 9 |  9.2
Necromancy     | 6 12 11 | 12.0

Action                   |  1- 3 |  4- 6 |  7- 9 | 10-12 | 13-15 | 16-18 | 19-21 || total
-------------------------+-------+-------+-------+-------+-------+-------+-------++-------
Melee: Unarmed           |    15 |    17 |    20 |    26 |   131 |   909 |   130 ||  1248
       Bite              |     2 |     1 |     3 |     3 |    25 |   164 |    24 ||   222
       Punch             |       |       |       |       |     1 |    83 |    14 ||    98
 Cast: Summon Small Mamm |    47 |    21 |    73 |    20 |    34 |       |       ||   195
       Call Imp          |     4 |     9 |    23 |     6 |     9 |     1 |       ||    52
       Call Canine Famil |     2 |    12 |    24 |    28 |    47 |     3 |       ||   116
       Summon Guardian G |       |     3 |    17 |    30 |    69 |    17 |       ||   136
       Summon Ice Beast  |       |       |    12 |    66 |   123 |    16 |       ||   217
       Summon Lightning  |       |       |     9 |    81 |   196 |    64 |     1 ||   351
       Summon Mana Viper |       |       |       |       |    49 |   122 |     8 ||   179
       Ozocubu's Armour  |       |       |       |       |     2 |       |       ||     2
       Statue Form       |       |       |       |       |    14 |   161 |     9 ||   184
       Monstrous Menager |       |       |       |       |       |   308 |    14 ||   322
       Dispel Undead     |       |       |       |       |       |    57 |       ||    57
       Manifold Assault  |       |       |       |       |       |    25 |       ||    25
       Haunt             |       |       |       |       |       |    10 |     1 ||    11
       Dispersal         |       |       |       |       |       |     2 |       ||     2
       Slow              |       |       |       |       |       |     1 |       ||     1
Invok: Potion Petition   |       |       |       |       |       |     2 |       ||     2
       Call Merchant     |       |       |       |       |       |     2 |       ||     2
       Bribe Branch      |       |       |       |       |       |     3 |       ||     3
       Renounce Religion |       |       |       |       |       |     1 |       ||     1
 Abil: End Transformatio |       |       |       |       |       |     1 |     1 ||     2
Evoke: Wand              |       |       |     1 |     5 |    19 |     3 |       ||    28
       Lightning rod     |       |       |       |       |       |    11 |       ||    11
       Box of beasts     |       |       |       |       |       |     2 |       ||     2
       Phial of floods   |       |       |       |       |       |     2 |       ||     2
  Use: Scroll            |       |       |    26 |     3 |    12 |    24 |       ||    65
       Potion            |       |       |     1 |     2 |    13 |    22 |     1 ||    39
 Stab: Sleeping          |     3 |     3 |       |     2 |     2 |     3 |     1 ||    14
       Paralysed         |       |       |     6 |       |       |       |     1 ||     7
       Distracted        |       |       |       |       |     6 |    28 |     4 ||    38
       Invisible         |       |       |       |       |       |     4 |       ||     4
       Confused          |       |       |       |       |       |     1 |       ||     1
Armor: Skin              |     4 |     3 |     1 |     2 |   154 |   647 |    39 ||   850
Dodge: Dodged            |    20 |    26 |    50 |   103 |  1117 |  2777 |   248 ||  4341
